 Dungeon Crawl Stone Soup version 0.32-a0-975-g85d4e5bfdb (webtiles) character file.

Game seed: 12520299270640243061

1055 senseless the Shooter (level 8, -1/61 HPs)
             Began as a Coglin Hunter on Apr 18, 2024.
             Was an Initiate of Hepliaklqana.
             Slain by a vampire mosquito (6 damage)
             ... on level 5 of the Dungeon.
             The game lasted 00:15:00 (4661 turns).

senseless the Shooter (Coglin Hunter)               Turns: 4661, Time: 00:15:01

Health: -1/61      AC:  4    Str: 12    XL:     8   Next: 26%
Magic:  8/8        EV: 13    Int:  8    God:    Hepliaklqana [......]
Gold:   282        SH:  0    Dex: 20    Spells: 7/7 levels left

rFire   . . .        a - +2 sling {Kanlaya}
rCold   . . .        d - +0 sling {Eadburga}
rNeg    . . .        c - +1 leather armour
rPois   .            (no helmet)
rElec   .            (no cloak)
rCorr   .            (no gloves)
SInv    .            (no boots)
Will    .....        (amulet unavailable)
Stlth   +++          (ring unavailable)
HPRegen 0.30/turn    (ring unavailable)
MPRegen 0.11/turn    (no gizmo)

%: no passive effects
@: revved
A: off-hand wielding, slow wielding, warmup strikes, no jewellery
a: Invent Gizmo, Renounce Religion


You were on level 5 of the Dungeon.
You worshipped Hepliaklqana.
Hepliaklqana was noncommittal.
You visited 1 branch of the dungeon, and saw 5 of its levels.
You also visited: Sewer.

You collected 282 gold pieces.

Inventory:

Hand Weapons
 a - a +2 sling (weapon) {Kanlaya}
 d - a +0 sling (offhand) {Eadburga}
Missiles
 e - a throwing net
 p - 2 silver javelins
Armour
 c - a +1 leather armour (worn)
 w - the +0 ring mail of Sif Muna {Int+3}
   (You found it on level 5 of the Dungeon)

   Int+3:     It affects your intelligence (+3).
Wands
 k - a wand of iceblast (9)
 q - a wand of flame (6) (quivered)
 x - a wand of quicksilver (5)
Scrolls
 b - a scroll of butterflies
 l - a scroll of fear
 m - 2 scrolls of amnesia
 o - 2 scrolls of enchant armour
Potions
 f - a potion of resistance {unknown}
 g - 2 potions of enlightenment
 h - a potion of brilliance {unknown}
 i - a potion of ambrosia {unknown}
 j - a potion of curing
 n - a potion of degeneration {unknown}
 r - 2 potions of might {unknown}
 s - a potion of mutation {unknown}
 t - a potion of invisibility {unknown}
 v - 3 potions of magic


   Skills:
 + Level 4.9 Fighting
 + Level 5.6 Ranged Weapons
 - Level 0.3 Armour
 + Level 4.5 Dodging
 + Level 4.2 Stealth


You had 7 spell levels left.
You didn't know any spells.
Your spell library contained the following spells:

 Spells                   Type           Power      Damage    Failure   Level
 Foxfire                  Conj/Fire      0%         2x1d4     50%         1
 Sandblast                Erth           0%         2d4       50%         1
 Frozen Ramparts          Ice            0%         1d1       86%         3
 Ozocubu's Armour         Ice            0%         N/A       86%         3
 Passwall                 Erth           0%         N/A       86%         3
 Stone Arrow              Conj/Erth      0%         3d7       86%         3
 Volatile Blastmotes      Fire/Tloc      0%         2d10      86%         3
 Fulminant Prism          Conj/Alch      0%         3d5       99%         4
 Iskenderun's Mystic Bla Conj/Tloc 0%             2d3        (+2d1     99%         4
 Metabolic Englaciation   Hex/Ice        0%         N/A       100%        5
 Death Channel            Necr           0%         N/A       100%        6
 Plasma Beam              Fire/Air       0%         2x1d10    100%        6
 Sculpt Simulacrum        Ice/Alch       0%         N/A       100%        6
 Starburst                Conj/Fire      0%         6d3       100%        6
 Rimeblight               Ice/Necr       0%         2d3       (prima100%   7


Dungeon Overview and Level Annotations

Branches:
Dungeon (5/15)              Sewer (visited)
 Temple: D:4-7

Altars:
Dithmenos
Hepliaklqana
Wu Jian

Shops:
D:2 :   D:5 [


Innate Abilities, Weirdness & Mutations

You can wield a second weapon in your off-hand.
It takes a long time for you to wield or remove held weapons.
Your first few attacks do less damage.
You cannot equip rings or amulets.


Message History

The vampire mosquito bites you!
* * * LOW HITPOINT WARNING * * *
The vampire mosquito draws strength from your injuries!
The vampire mosquito barely misses you.
Okay, then.
Blink to where?
Press: ? - help, Dir - move target, p - vampire mosquito
As you read the scroll of blinking, it crumbles to dust.
You shoot a sling bullet.
The sling bullet closely misses the vampire mosquito.
You shoot a sling bullet.
The sling bullet hits the vampire mosquito.
The vampire mosquito is heavily damaged.
The vampire mosquito bites you.
* * * LOW HITPOINT WARNING * * *
The vampire mosquito draws strength from your injuries!
The vampire mosquito completely misses you.
You feel better. The vampire mosquito barely misses you.
The vampire mosquito closely misses you.
You shoot a sling bullet.
The sling bullet completely misses the vampire mosquito.
You shoot a sling bullet.
The sling bullet barely misses the vampire mosquito.
The vampire mosquito misses you. The vampire mosquito bites you!
* * * LOW HITPOINT WARNING * * *
The vampire mosquito draws strength from your injuries!
You shoot a sling bullet.
The sling bullet hits the vampire mosquito.
The vampire mosquito is moderately damaged.
You shoot a sling bullet.
The sling bullet closely misses the vampire mosquito.
The vampire mosquito closely misses you.
The vampire mosquito barely misses you.
You shoot a sling bullet.
The sling bullet misses the vampire mosquito.
You shoot a sling bullet.
The sling bullet closely misses the vampire mosquito.
The vampire mosquito bites you.
You die...
Hepliaklqana delivers you to your ancestors.

##..... ##.... #.....
##..... ############
###).....
#..........###.#......
#.#.#.#.##..#.........
#.######.# #.........
#.#.#@#.## ##.#...#..
#.##y#.## ##....##.
#.#.#### ##.....##.
#.##.# #......... #.#
$# #......##. #.# ..
##........ #.#####
#####........ #..#
#####.##.........
##.###..#............#


You could see a vampire mosquito.

Vanquished Creatures
  A water moccasin (D:5)
  3 bullfrogs
  A scorpion (D:5)
  A howler monkey (D:5)
  2 bombardier beetles (D:5)
  2 hounds (D:5)
  3 orc priests (D:3)
  A jelly (D:5)
  An iguana (D:5)
  Natasha (thrice) (D:2)
  4 gnolls (D:5)
  A river rat (D:3)
  13 adders
  3 shadow imps
  7 dart slugs
  2 ribbon worms
  13 orcs
  20 ball pythons
  2 bats (D:1)
  12 endoplasms
  9 giant cockroaches (Sewer)
  4 hobgoblins
  A quokka (D:3)
  7 frilled lizards
  4 goblins
  5 kobolds
  7 rats
132 creatures vanquished.

Notes
Turn   | Place    | Note
-------+----------+-------------------------------------------
     0 | D:1      | senseless the Coglin Hunter began the quest for the Orb.
     0 | D:1      | Reached XP level 1. HP: 16/16 MP: 1/1
   136 | D:1      | Reached skill level 1 in Stealth
   289 | D:1      | Reached XP level 2. HP: 22/22 MP: 2/2
   545 | D:2      | Noticed a walking crystal tome
   546 | D:2      | Found Ceih's Book Boutique.
   547 | D:2      | Noticed a walking crystal tome
   632 | D:2      | Reached XP level 3. HP: 28/28 MP: 3/3
   673 | D:2      | Noticed Natasha
   679 | D:2      | Killed Natasha
   917 | D:2      | Reached skill level 4 in Ranged Weapons
  1174 | D:2      | Noticed Natasha
  1183 | D:2      | Killed Natasha
  1184 | D:2      | Reached XP level 4. HP: 23/34 MP: 4/4
  1292 | D:2      | Found Ceih's Book Boutique.
  1374 | D:2      | Noticed Natasha
  1379 | D:2      | Killed Natasha
  1660 | D:3      | Found a shadowy altar of Dithmenos.
  1702 | D:3      | Reached XP level 5. HP: 41/41 MP: 5/5
  1736 | D:3      | Found a transporter.
  1741 | D:3      | You fall into a shaft and drop 1 floor!
  1901 | D:3      | Found a transporter.
  2100 | D:3      | Found a glowing drain.
  2104 | Sewer    | Entered a sewer
  2291 | Sewer    | Reached XP level 6. HP: 46/47 MP: 6/6
  2810 | D:3      | Found a hazy altar of Hepliaklqana.
  2984 | D:3      | Became a worshipper of Hepliaklqana the Forgotten
  3266 | D:3      | Reached XP level 7. HP: 50/53 MP: 7/7
  3808 | D:5      | Entered Level 5 of the Dungeon
  3821 | D:5      | Reached skill level 5 in Ranged Weapons
  3924 | D:5      | Identified the +0 ring mail of Sif Muna {Int+3}
  4234 | D:5      | Reached XP level 8. HP: 61/61 MP: 8/8
  4240 | D:5      | Found Acisiu's Armour Boutique.
  4557 | D:5      | Found an ornate altar of the Wu Jian Council.
  4657 | D:5      | HP: 3/61 [vampire mosquito (5)]
  4661 | D:5      | Slain by a vampire mosquito

Illustrated notes

Levels and vault maps discovered:
D:1:      scummos_arrival_simple_fountains, layout_rooms, serial_bayou,
          serial_bayou_lagoon_b, serial_bayou_lake_a, serial_bayou_pond_c,
          serial_bayou_lagoon_a, serial_bayou_crossing
D:2:      layout_basic, serial_shops, nicolae_shop_mannequins, uniq_natasha
D:3:      gammafunk_wand_slinger, layout_loops_ring,
          mainiacjoe_overflow_alcove_2, mainiacjoe_overflow_cross_hatched,
          gup_sewer_entry_spiral, minmay_vboxes
D:4:      layout_gridville
D:5:      layout_cave_pools, lemuel_round_altar, serial_shops,
          nicolae_shop_hallway_plus, minmay_small_thing

Skill      XL: |  1  2  3  4  5  6  7 |
---------------+----------------------+-----
Stealth        | 1 2 3 4 |  4.2
Dodging        | 2 3 4 |  4.5
Ranged Weapons | 4 5 |  5.6
Fighting       | 3 4 |  4.9
Armour         | |  0.3

Action                     |  1- 3 |  4- 6 |  7- 9 || total
---------------------------+-------+-------+-------++-------
   Fire: Sling             |    98 |   336 |   256 ||   690
  Evoke: Wand              |       |     2 |    13 ||    15
    Use: Scroll            |     8 |     3 |     2 ||    13
         Potion            |       |       |     2 ||     2
 Armour: Leather armour    |     4 |    27 |    37 ||    68
  Dodge: Dodged            |       |    32 |    48 ||    80

Table legend: (Time is in decaauts)
 A = Elapsed time spent in this place.
 B = Non-inter-level travel time spent in this place.
 C = Inter-level travel time spent in this place.
 D = Time resting spent in this place.
 E = Time spent auto-exploring this place.
 F = Levels seen in this place.
 G = Mean time per level.
                   A        B        C        D        E       F      G
               +--------+--------+--------+--------+--------+-----+--------+
         Total |   4880 |   4684 |    196 |    691 |   3007 |   6 |  813.3 |
       Dungeon |   4490 |   4294 |    196 |    689 |   2803 |   5 |  898.0 |
         Sewer |    390 |    390 |      0 |      2 |    203 |   1 |  390.0 |
               +--------+--------+--------+--------+--------+-----+--------+

Top non-repeatable levels by time:
     D:3: 1425 daAuts
     D:2: 1127 daAuts
     D:5: 871 daAuts
     D:1: 550 daAuts
     D:4: 515 daAuts
   Sewer: 390 daAuts
